 Dungeon Crawl Stone Soup version 0.26-a0-54-g15ccc7a (webtiles) character file.

Game seed: 15466562212194611339

1537 thirtiethelement the Shield-Bearer (level 8, -6/67 HPs)
             Began as a Gnoll Fighter on June 7, 2020.
             Was a Follower of Okawaru.
             Mangled by an orc warrior
             ... wielding a +0 dire flail
              (24 damage)
             ... on level 6 of the Dungeon.
             The game lasted 00:08:30 (5406 turns).

thirtiethelement the Shield-Bearer (Gnoll Fighter)  Turns: 5406, Time: 00:08:31

Health: -6/67      AC:  6    Str: 21    XL:     8   Next: 86%
Magic:  13/13      EV: 12    Int: 13    God:    Okawaru [*.....]
Gold:   233        SH: 11    Dex: 19    Spells: 14/14 levels left

rFire    x . .     SeeInvis .   a - +0 war axe
rCold    + . .     Gourm    .   c - +0 kite shield
rNeg     . . .     Faith    .   y - +0 ring mail {rPois}
rPois    +         Spirit   .   (no helmet)
rElec    .         Reflect  .   (no cloak)
rCorr    .         Harm     .   (no gloves)
MR       .....                  (no boots)
Stlth    ++........             (no amulet)
HPRegen  0.21/turn              u - ring of Amelioration {Ice Str-5 Int+2 Dex+4}
MPRegen  0.13/turn              i - +6 ring of strength

@: no status effects
A: distributed training, fangs 1, strong nose
a: Heroism, Renounce Religion


You were on level 6 of the Dungeon.
You worshipped Okawaru.
Okawaru was aware of your devotion.
You were not hungry.

You visited 2 branches of the dungeon, and saw 7 of its levels.

You collected 233 gold pieces.

Inventory:

Hand Weapons
 a - a +0 war axe (weapon)
Armour
 b - a +0 scale mail
 c - a +0 kite shield (worn)
 y - a +0 ring mail of poison resistance (worn)
Jewellery
 i - a +6 ring of strength (right hand)
 j - an uncursed ring of poison resistance
 l - an uncursed ring of stealth
 u - the ring of Amelioration (left hand) {Ice Str-5 Int+2 Dex+4}
   (You found it on level 4 of the Dungeon)

   [ring of ice]

   It enhances your ice magic.
   It affects your strength (-5).
   It affects your intelligence (+2).
   It affects your dexterity (+4).
   It makes you vulnerable to fire.
   It protects you from cold.
Wands
 e - a wand of flame (30)
 o - a wand of paralysis (8)
Scrolls
 m - 5 scrolls of identify
 s - a scroll of teleportation
 x - 3 scrolls of remove curse
 z - 2 scrolls of magic mapping
 B - a scroll of enchant armour {unknown}
Potions
 d - 3 potions of might
 g - 4 potions of degeneration {unknown}
 h - 2 potions of curing
 k - a potion of stabbing {unknown}
 n - 5 potions of flight {unknown}
 p - 2 potions of mutation {unknown}
 q - a potion of cancellation {unknown}
 r - 2 potions of magic {unknown}
 t - a potion of resistance {unknown}
 v - a potion of lignification {unknown}
 w - a potion of heal wounds {unknown}
 C - a potion of haste {unknown}
 D - a potion of berserk rage {unknown}
Comestibles
 f - 7 rations


   Skills:
 + Level 7.5 Fighting
 + Level 3.5 Short Blades
 + Level 3.5 Long Blades
 + Level 5.9 Axes
 + Level 3.5 Maces & Flails
 + Level 3.5 Polearms
 + Level 3.5 Staves
 + Level 3.5 Slings
 + Level 3.5 Bows
 + Level 3.5 Crossbows
 + Level 3.5 Throwing
 + Level 7.5 Armour
 + Level 3.5 Dodging
 + Level 3.5 Stealth
 + Level 7.5 Shields
 + Level 3.5 Unarmed Combat
 + Level 3.5 Spellcasting
 + Level 2.9 Conjurations
 + Level 2.9 Hexes
 + Level 2.9 Charms
 + Level 2.9 Summonings
 + Level 2.9 Necromancy
 + Level 2.9 Translocations
 + Level 2.9 Transmutations
 + Level 2.9 Fire Magic
 + Level 2.9 Ice Magic
 + Level 2.9 Air Magic
 + Level 2.9 Earth Magic
 + Level 2.9 Poison Magic
 + Level 3.9 Invocations
 + Level 3.5 Evocations


You had 14 spell levels left.
You didn't know any spells.
Your spell library was empty.

Dungeon Overview and Level Annotations

Branches:
Dungeon (6/15)             Temple (1/1) D:5

Altars:
Ashenzari
Cheibriados
Dithmenos
Elyvilon
Fedhas
Gozag
Hepliaklqana
Kikubaaqudgha
Nemelex Xobeh
Okawaru
Ru
Sif Muna
Trog
Vehumet
Wu Jian
Xom
Yredelemnul
Zin
The Shining One


Innate Abilities, Weirdness & Mutations

Your experience applies equally to all skills.
You have very sharp teeth.
Your uncanny sense of smell can sniff out nearby items.


Message History

You slash the orc warrior!
The orc warrior is severely wounded.
You block the orc warrior's attack.
You hit the orc warrior but do no damage.
You bite the orc warrior, but do no damage.
The orc warrior is severely wounded.
You block the orc warrior's attack.
You hit the orc warrior but do no damage.
The orc warrior is severely wounded.
The orc warrior misses you.
You closely miss the orc warrior. Your bite misses the orc warrior.
The orc warrior is severely wounded.
The orc warrior misses you. The orc warrior barely misses you.
You closely miss the orc warrior. Your bite misses the orc warrior.
The orc warrior is severely wounded.
You block the orc warrior's attack.
You barely miss the orc warrior.
The orc warrior is severely wounded.
The orc warrior hits you with a +0 dire flail!!
You die...

#.##.##.#
#.##.##.#
####.(((...####
#........)....#
#.#####)#####.#
#.#
#.#####.####
#.#
#..........รท
#)#
#######.####
#@# #.# #o# #.#
#o# #.# #o. ..#
### ###


You could see an orc warrior and 2 orcs.

Vanquished Creatures
  Grinder (D:3)
  Sigmund (D:3)
  A hungry ghost (D:6)
  An ice beast (D:6)
  3 ogres
  A centaur (D:6)
  Blork the orc (D:4)
  2 scorpions
  A howler monkey (D:3)
  A centaur skeleton (D:6)
  2 hounds (D:4)
  A jelly (D:3)
  2 orc wizards
  Jessica (D:3)
  Ijyb (D:3)
  3 worker ants
  6 adders
  A shadow imp (D:5)
  An adder zombie (D:6)
  3 worms
  2 dart slugs
  2 leopard geckos
  13 orcs
  5 giant cockroaches
  5 hobgoblins
  4 jackals (D:4)
  6 kobolds
  7 quokkas
  A ball python (D:3)
  8 bats
  6 frilled lizards
  7 goblins
  10 rats
110 creatures vanquished.

Notes
Turn   | Place    | Note
-------+----------+-------------------------------------------
     0 | D:1      | thirtiethelement the Gnoll Fighter began the quest for the
                  | Orb.
     0 | D:1      | Reached XP level 1. HP: 23/23 MP: 1/1
   158 | D:1      | Reached XP level 2. HP: 29/29 MP: 2/2
   589 | D:1      | Reached XP level 3. HP: 35/35 MP: 3/3
   698 | D:2      | Found a faded altar of an unknown god.
   851 | D:2      | Reached skill level 1 in Invocations
  1356 | D:3      | Reached skill level 1 in Short Blades
  1356 | D:3      | Reached skill level 1 in Long Blades
  1356 | D:3      | Reached skill level 1 in Maces & Flails
  1356 | D:3      | Reached skill level 1 in Polearms
  1356 | D:3      | Reached skill level 1 in Staves
  1356 | D:3      | Reached skill level 1 in Slings
  1356 | D:3      | Reached skill level 1 in Bows
  1356 | D:3      | Reached skill level 1 in Crossbows
  1356 | D:3      | Reached skill level 1 in Throwing
  1356 | D:3      | Reached skill level 1 in Dodging
  1356 | D:3      | Reached skill level 1 in Stealth
  1356 | D:3      | Reached skill level 1 in Unarmed Combat
  1356 | D:3      | Reached skill level 1 in Spellcasting
  1356 | D:3      | Reached skill level 1 in Evocations
  1422 | D:3      | Reached XP level 4. HP: 41/41 MP: 5/5
  1452 | D:3      | Noticed Sigmund
  1462 | D:3      | Killed Sigmund
  1462 | D:3      | Reached skill level 1 in Conjurations
  1462 | D:3      | Reached skill level 1 in Hexes
  1462 | D:3      | Reached skill level 1 in Charms
  1462 | D:3      | Reached skill level 1 in Summonings
  1462 | D:3      | Reached skill level 1 in Necromancy
  1462 | D:3      | Reached skill level 1 in Translocations
  1462 | D:3      | Reached skill level 1 in Transmutations
  1462 | D:3      | Reached skill level 1 in Fire Magic
  1462 | D:3      | Reached skill level 1 in Ice Magic
  1462 | D:3      | Reached skill level 1 in Air Magic
  1462 | D:3      | Reached skill level 1 in Earth Magic
  1462 | D:3      | Reached skill level 1 in Poison Magic
  1462 | D:3      | Reached XP level 5. HP: 39/47 MP: 5/7
  1531 | D:3      | Noticed Grinder
  1542 | D:3      | HP: 2/47 [Grinder/nerve-wracking pain (14)]
  1548 | D:3      | Killed Grinder
  1548 | D:3      | Reached skill level 5 in Axes
  1548 | D:3      | Reached XP level 6. HP: 13/53 MP: 7/9
  1788 | D:3      | Noticed Jessica
  1805 | D:3      | Killed Jessica
  1805 | D:3      | Reached XP level 7. HP: 40/59 MP: 10/10
  1963 | D:3      | Noticed Ijyb
  1974 | D:3      | Killed Ijyb
  2679 | D:4      | Got a slimy golden ring
  2681 | D:4      | Identified the ring of Amelioration {Ice Str-5 Int+2 Dex+4}
                  | (You found it on level 4 of the Dungeon)
  2723 | D:4      | Noticed Blork the orc
  2733 | D:4      | Killed Blork the orc
  3047 | D:4      | Found a blossoming altar of Fedhas.
  3277 | D:5      | Entered Level 5 of the Dungeon
  3287 | D:5      | Reached XP level 8. HP: 19/67 MP: 12/12
  3616 | D:5      | Found a staircase to the Ecumenical Temple.
  3627 | Temple   | Entered the Ecumenical Temple
  3875 | Temple   | Became a worshipper of Warmaster Okawaru
  4291 | D:6      | Found an opulent altar of Gozag.
  5144 | D:6      | Reached * piety under Okawaru
  5406 | D:6      | Mangled by an orc warrior

Illustrated notes

Levels and vault maps discovered:
D:1:      dpeg_arrival_stone_temple_mockup, layout_rooms, interstate_on_off,
          st_stairs_3, lemuel_old_faithful
D:2:      layout_basic, chequers_ecumenical_altar_simple
D:3:      layout_basic, minivault_11, uniq_sigmund, uniq_ijyb, uniq_jessica,
          uniq_grinder
D:4:      layout_cave_pools, fedhas_altar_1, uniq_blork_the_orc
D:5:      layout_rooms, minmay_temple_entry_sparse_star, first_ration,
          serial_park_tiny_1
D:6:      layout_loops_ring, lemuel_round_altar
Temple:   dpeg_five_rooms_temple

Skill      XL: |  1  2  3  4  5  6  7  8 |
---------------+-------------------------+-----
Invocations    | 1 2 3 |  3.9
Short Blades   | 1 2 3 |  3.5
Long Blades    | 1 2 3 |  3.5
Maces & Flails | 1 2 3 |  3.5
Polearms       | 1 2 3 |  3.5
Staves         | 1 2 3 |  3.5
Slings         | 1 2 3 |  3.5
Bows           | 1 2 3 |  3.5
Crossbows      | 1 2 3 |  3.5
Throwing       | 1 2 3 |  3.5
Dodging        | 1 2 3 |  3.5
Stealth        | 1 2 3 |  3.5
Unarmed Combat | 1 2 3 |  3.5
Spellcasting   | 1 2 3 |  3.5
Evocations     | 1 2 3 |  3.5
Conjurations   | 1 2 |  2.9
Hexes          | 1 2 |  2.9
Charms         | 1 2 |  2.9
Summonings     | 1 2 |  2.9
Necromancy     | 1 2 |  2.9
Translocations | 1 2 |  2.9
Transmutations | 1 2 |  2.9
Fire Magic     | 1 2 |  2.9
Ice Magic      | 1 2 |  2.9
Air Magic      | 1 2 |  2.9
Earth Magic    | 1 2 |  2.9
Poison Magic   | 1 2 |  2.9
Axes           | 5 |  5.9
Fighting       | 7 |  7.5
Armour         | 7 |  7.5
Shields        | 7 |  7.5

Action                   |  1- 3 |  4- 6 |  7- 9 || total
-------------------------+-------+-------+-------++-------
Melee: War axe           |   109 |    36 |   193 ||   338
       Bite              |    11 |     4 |    26 ||    41
  Use: Scroll            |       |     6 |     2 ||     8
       Potion            |       |     1 |       ||     1
 Stab: Sleeping          |     1 |       |       ||     1
  Eat: Chunk             |     2 |     1 |     7 ||    10
       Ration            |       |       |     3 ||     3
Armor: Scale mail        |    35 |    14 |    28 ||    77
       Ring mail         |       |       |    10 ||    10
Dodge: Dodged            |    30 |    13 |    53 ||    96
Block: Kite shield       |    63 |    23 |   103 ||   189

Table legend:
 A = Non-vault XP
 B = Vault XP
 C = Vault XP percentage of total XP
 D = Non-vault monster count
 E = Vault monster count
 F = Vault count percentage of total count
                 A         B        C        D         E       F
            +---------+---------+-------+---------+---------+-------
      Total |    1544 |     652 |  29.7 |     102 |       8 |   7.3
            +---------+---------+-------+---------+---------+-------
        D:1 |      30 |       4 |  11.8 |      20 |       3 |  13.0
        D:2 |      41 |       0 |   0.0 |      17 |       0 |   0.0
        D:3 |     147 |     552 |  79.0 |      19 |       4 |  17.4
        D:4 |     226 |      96 |  29.8 |      15 |       1 |   6.2
        D:5 |     352 |       0 |   0.0 |      14 |       0 |   0.0
        D:6 |     748 |       0 |   0.0 |      17 |       0 |   0.0
            +---------+---------+-------+---------+---------+-------
